 Dungeon Crawl Stone Soup version 0.21.1-1-g345015fe64 (webtiles) character file.

80 Mrkan the Ruffian (level 4, -2/44 HPs)
             Began as a Troll Monk on May 6, 2018.
             Slain by Grinder (6 damage)
             ... on level 3 of the Dungeon.
             The game lasted 00:04:29 (2475 turns).

Mrkan the Ruffian (Troll Monk)                      Turns: 2475, Time: 00:04:29

Health: -2/44      AC:  5    Str: 19    XL:     4   Next: 18%
Magic:  3/3        EV: 10    Int:  6    God:
Gold:   131        SH:  0    Dex: 13    Spells: 3/3 levels left

rFire    . . .     SeeInvis .     - Unarmed
rCold    . . .     Gourm    +   (no shield)
rNeg     . . .     Faith    .   a - +0 robe
rPois    .         Spirit   .   (helmet restricted)
rElec    .         Reflect  .   (no cloak)
rCorr    .         Harm     .   (gloves unavailable)
MR       .....                  (boots unavailable)
Stlth    ++........             (no amulet)
HPRegen  0.54/turn              (no ring)
MPRegen  0.08/turn              (no ring)

@: no status effects
A: large, unfitting armour, claws 3, fast metabolism 3, gourmand, regeneration
1, shaggy fur 1, tough skin 2
a: no special abilities


You were on level 3 of the Dungeon.
You were full.

You visited 1 branch of the dungeon, and saw 3 of its levels.

You collected 131 gold pieces.

Inventory:

Armour
 a - a +0 robe (worn)
Jewellery
 d - a +5 ring of protection {unknown}
 g - a +1 ring of evasion {unknown}
 n - an uncursed ring of protection from fire {unknown}
Scrolls
 c - 2 scrolls of fear {unknown}
 e - a scroll of immolation {unknown}
 f - a scroll of random uselessness {unknown}
 j - 5 scrolls of identify {unknown}
 k - a scroll of remove curse {unknown}
 m - 4 scrolls of teleportation {unknown}
 p - a scroll of fog {unknown}
Potions
 h - 2 potions of curing {unknown}
 i - a potion of lignification {unknown}
 l - a potion of brilliance {unknown}
 o - a potion of resistance {unknown}
Comestibles
 b - 6 rations


   Skills:
 - Level 2.4 Fighting
 - Level 2.4 Dodging
 - Level 1.0 Stealth
 + Level 4.9 Unarmed Combat


You had 3 spell levels left.
You didn't know any spells.

Dungeon Overview and Level Annotations

Branches:
Dungeon (3/15)

Altars:

Annotations:
D:3 Grinder


Innate Abilities, Weirdness & Mutations

You are too large for most types of armour.
You have claws for hands.
Your metabolism is lightning-fast.
You like to eat raw meat.
Your natural rate of healing is unusually fast.
You are covered in fur. (AC +1)
You have very tough skin. (AC +2)


Message History

* * * LOW HITPOINT WARNING * * *
Grinder gestures at you.
You suddenly lose the ability to move!
You can move again.
You claw Grinder!
Grinder is heavily wounded.
Grinder blinks!
Grinder rolls her eyes.
Grinder gestures at you.
You barely resist.
Grinder says, "DUCK!"
Grinder gestures at you. Pain shoots through your body!
* * * LOW HITPOINT WARNING * * *
You barely miss Grinder. You claw Grinder!
Grinder is severely wounded.
Grinder hits you.
* * * LOW HITPOINT WARNING * * *
You writhe in agony.
You die...

####...........# #.##.........#
#...........# #.##....(....#
#...........###.##.........#
#...........#...##.........# #
#...........#...##.........# #
####......######...##.........# #
..........# #...##.........###
################...######......##
#..........@5.######......##
#.###########..............# #.#
#.........#####......... #.#
#...5.....#####......... #.#
#....[................#. #.#
###############.#####.#. #.# #.#
#.#. #.# #.# #.## #.# #.#####.##


You could see Grinder.

Vanquished Creatures
  3 adders
  2 oozes (D:1)
  A worm (D:2)
  A dart slug (D:1)
  A leopard gecko (D:1)
  A giant cockroach (D:3)
  5 goblins
  6 hobgoblins
  3 jackals (D:1)
  8 bats
  A frilled lizard (D:2)
  5 kobolds
  3 rats
40 creatures vanquished.

Notes
Turn   | Place    | Note
-------+----------+-------------------------------------------
     0 | D:1      | Mrkan the Troll Monk began the quest for the Orb.
     0 | D:1      | Reached XP level 1. HP: 22/22 MP: 0/0
   220 | D:1      | Reached XP level 2. HP: 24/29 MP: 1/1
   488 | D:1      | Reached skill level 4 in Unarmed Combat
   604 | D:1      | Reached XP level 3. HP: 36/36 MP: 2/2
  2063 | D:3      | Reached XP level 4. HP: 44/44 MP: 3/3
  2379 | D:3      | Noticed Grinder
  2403 | D:3      | Paralysed by something for 3 turns
  2406 | D:3      | HP: 2/44 [something (2)]
  2434 | D:3      | Paralysed by Grinder for 2 turns
  2443 | D:3      | Paralysed by Grinder for 5 turns
  2455 | D:3      | Paralysed by Grinder for 2 turns
  2475 | D:3      | Slain by Grinder

Skill      XL: |  1  2 |
---------------+-------+-----
Unarmed Combat | 4 |  4.9
Fighting       | |  2.4
Dodging        | |  2.4
Stealth        | |  1.0

Action                   |  1- 3 |  4- 6 || total
-------------------------+-------+-------++-------
Melee: Unarmed           |    95 |    16 ||   111
       Punch             |     3 |     1 ||     4
 Stab: Distracted        |     1 |       ||     1
       Sleeping          |       |     1 ||     1
  Eat: Chunk             |    21 |     3 ||    24
Armor: Robe              |    45 |     5 ||    50
Dodge: Dodged            |    59 |     3 ||    62
